 Dungeon Crawl Stone Soup version 0.28.0-47-ge53b351184 (webtiles) character file.

Game seed: 16388434366329321086

35 Exodus22XD the Chopper (level 3, 0/33 HPs)
             Began as a Hill Orc Monk on May 7, 2022.
             Slain by Terence
             ... wielding a +5 short sword of protection
              (8 damage)
             ... on level 2 of the Dungeon.
             The game lasted 00:01:00 (1264 turns).

Exodus22XD the Chopper (Hill Orc Monk)              Turns: 1264, Time: 00:01:00

Health: 0/33       AC:  2    Str: 15    XL:     3   Next: 35%
Magic:  3/3        EV: 12    Int: 10    God:
Gold:   25         SH:  0    Dex: 13    Spells: 2/2 levels left

rFire   . . .      SeeInvis .   a - +0 hand axe
rCold   . . .      Faith    .   (no shield)
rNeg    . . .      Spirit   .   b - +0 robe
rPois   .          Reflect  .   (no helmet)
rElec   .          Harm     .   (no cloak)
rCorr   .          Rampage  .   (no gloves)
Will    .....                   (no boots)
Stlth   ++........              (no amulet)
HPRegen 0.11/turn               (no ring)
MPRegen 0.08/turn               (no ring)

@: no status effects
A: no striking features
a: no special abilities


You were on level 2 of the Dungeon.
You visited 1 branch of the dungeon, and saw 2 of its levels.

You collected 25 gold pieces.

Inventory:

Hand Weapons
 a - a +0 hand axe (weapon)
Armour
 b - a +0 robe (worn)
Scrolls
 c - a scroll of identify {unknown}
 d - 2 scrolls of vulnerability {unknown}
 e - a scroll of magic mapping {unknown}
 f - a scroll of noise {unknown}
Potions
 g - a potion of brilliance {unknown}


   Skills:
 + Level 4.2 Fighting
 + Level 4.8 Axes
 * Level 1.4 Armour
 - Level 2.4 Dodging
 - Level 1.5 Stealth


You had 2 spell levels left.
You didn't know any spells.
Your spell library contained the following spells:

 Spells                   Type           Power      Damage    Failure   Level
 Pain                     Necr           0%         1d4       36%         1


Dungeon Overview and Level Annotations

Branches:
Dungeon (2/15)

Altars:

Annotations:
D:2 Terence


Message History

You kill the goblin!
There are monsters nearby!
There are monsters nearby!
The adder bites you.
There are monsters nearby!
You hit the adder.
The adder is heavily wounded.
The adder bites you.
You are poisoned.
The adder poisons you! The adder completely misses you.
You hit the adder.
The adder is severely wounded.
You hit Terence but do no damage.
You feel sick. The adder misses you.
Terence hits you with a +5 short sword of protection.
You hit the adder.
The adder is almost dead.
You barely miss Terence.
You feel sick. The adder bites you.
You are more poisoned.
The adder poisons you!
Terence hits you with a +5 short sword of protection.
You feel very sick. The adder closely misses you.
You feel sick.
You feel sick.
You feel sick. The adder closely misses you.
There is an open door here.
You feel sick.
You miss the adder.
The adder is almost dead.
You feel sick. The adder bites you.
You hit the adder.
You kill the adder!
You feel sick.
You hit Terence but do no damage.
You feel sick.
You are no longer poisoned.
Terence says, "How do you enjoy it?" Terence closely misses you.
You hit Terence but do no damage.
Terence hits you with a +5 short sword of protection!
You die...

#......#.##...........#
##......#.##...........#
.........#.#............#
...........#............#
...........#............#
...........#.........###
#..........#.........#
........)..@..........
...........#@........
........####.........
........# #...!....
..<.....# #........
........# #........
........# #........
........# #########
........# .....####


You could see Terence.

Vanquished Creatures
  An adder (D:2)
  A giant cockroach (D:1)
  3 goblins
  4 hobgoblins (D:1)
  3 jackals (D:2)
  3 kobolds (D:1)
  A quokka (D:1)
  4 ball pythons
  A bat (D:1)
  2 frilled lizards (D:1)
  2 rats (D:1)
25 creatures vanquished.

Notes
Turn   | Place    | Note
-------+----------+-------------------------------------------
     0 | D:1      | Exodus22XD the Hill Orc Monk began the quest for the Orb.
     0 | D:1      | Reached XP level 1. HP: 19/19 MP: 1/1
    88 | D:1      | Reached XP level 2. HP: 11/27 MP: 2/2
   487 | D:1      | Reached skill level 1 in Armour
   897 | D:1      | Found a faded altar of an unknown god.
   901 | D:1      | Got Plato's Volume of Evil Magic
  1082 | D:2      | Reached XP level 3. HP: 19/33 MP: 3/3
  1249 | D:2      | Noticed Terence
  1264 | D:2      | Slain by Terence

Illustrated notes

Levels and vault maps discovered:
D:1:      nzn_arrival_crosshair, layout_rooms,
          shapermc_ecumenical_altar_rom_forum, minmay_circled_x
D:2:      layout_basic, serial_shops, shop, minmay_joined_circles, uniq_terence,
          uniq_crazy_yiuf_cottage

Skill      XL: |  1  2 |
---------------+-------+-----
Fighting       | 4 |  4.2
Armour         | 1 |  1.4
Axes           | |  4.8
Dodging        | |  2.4
Stealth        | |  1.5

Action                   || total
-------------------------++-------
Melee: Hand axe          ||    65
 Stab: Sleeping          ||     1
Armor: Robe              ||    17
Dodge: Dodged            ||    39
